 Dungeon Crawl Stone Soup version 0.14-a0-2810-g474977d (webtiles) character file.

399 Laan the Poker (level 6, -2/32 HPs)
             Began as a Vine Stalker Fighter on Feb 25, 2014.
             Slain by an iguana (5 damage)
             ... on Level 3 of the Dungeon.
             The game lasted 00:05:10 (2028 turns).

Laan the Poker (Vine Stalker Fighter)               Turns: 2028, Time: 00:05:11

HP  -2/32        AC 12     Str 20      XL: 6   Next: 22%
MP   0/8         EV  3     Int 10 (13) God:
Gold 129         SH 18     Dex 14      Spells:  0 memorised,  5 levels left

rFire  . . .     SeeInvis .     a - +0 trident
rCold  + . .     Clarity  .     r - +0 plate armour
rNeg   . . .     Conserve .     c - +0 shield
rPois  .         rCorr    .     (no helmet)
rElec  .         rRot     +     (no cloak)
SustAb . .       Spirit   +     (no gloves)
rMut   .         Warding  .     n - +0 pair of boots
Saprov . . .     Stasis   .     (no amulet)
MR     .....                    (no ring)
                                A - ring of protection from cold {unknown}

@: brilliant, mildly poisoned, not resistant to hostile enchantments, extremely
unstealthy
A: fangs 2, regeneration 2, magic shield, antimagic bite, no device heal
a: no special abilities


You were on level 3 of the Dungeon.
You were not hungry.

You visited 1 branch of the dungeon, and saw 4 of its levels.

You collected 129 gold pieces.

Inventory:

Hand weapons
 a - a +0,+0 trident (weapon)
Armour
 b - a +0 scale mail
 c - a +0 shield (worn)
 n - a +0 pair of boots (worn)
 r - a +0 plate armour (worn)
Magical devices
 E - a wand of slowing (11)
Comestibles
 d - 4 bread rations
 m - a meat ration
 o - a pear
 w - an orange
Scrolls
 e - 5 scrolls of identify {unknown}
 f - 3 scrolls of remove curse {unknown}
 i - a scroll of blinking {unknown}
 p - a scroll of fog {unknown}
 s - a scroll of teleportation {unknown}
 v - a scroll of amnesia {unknown}
 x - a scroll of enchant weapon II {unknown}
 y - a scroll of curse weapon {unknown}
 z - a scroll of fear {unknown}
 B - 3 scrolls of magic mapping {unknown}
 C - a scroll of curse jewellery {unknown}
Jewellery
 A - a ring of protection from cold (left hand) {unknown}
Potions
 g - 2 potions of degeneration
 h - a potion of coagulated blood
 j - a potion of curing {unknown}
 k - a potion of brilliance
 l - a potion of agility {unknown}
 q - a potion of flight {unknown}
 t - a potion of confusion {unknown}
 u - a potion of poison {unknown}


   Skills:
 - Level 2.6 Fighting
 + Level 5.8 Polearms
 - Level 2.4 Armour
 - Level 2.6 Shields


You had 5 spell levels left.
You didn't know any spells.

Dungeon Overview and Level Annotations

Branches:
Dungeon (4/16)
 Temple: D:4-7

Altars:

Annotations:
D:4 Quh's ghost, average HOFi


Innate Abilities, Weirdness & Mutations

You have extremely sharp teeth.
You heal very quickly.
When hurt, damage is shared between your health and your magic reserves.
Your bite disrupts and absorbs the magic of your enemies.
Potions and wands cannot restore your HP.


Message History

You hit the iguana.
The iguana is almost dead.
The iguana bites you.
Your plate armour prevents you from hitting the iguana.
The iguana is almost dead.
The iguana bites you.
Your shield and plate armour prevent you from hitting the iguana.
Your bite misses the iguana.
The iguana is almost dead.
The iguana bites you!
* * * LOW HITPOINT WARNING * * *
Drink which item? (? for menu, Esc to quit)
There was something very wrong with that liquid!
You feel dopey.
It was a potion of degeneration.
The iguana bites you.
* * * LOW HITPOINT WARNING * * *
Drink which item? (? for menu, Esc to quit)
You feel clever all of a sudden.
It was a potion of brilliance.
The iguana bites you.
You die...

############
###..........#####
#@+..........+....
#l#..........#####
#.#...).(....# #
#.#..........# #
#.#.......(..# #
#.#..........# #
#)#..........# #
#.#..........#####
##'#.............%.


You could see an iguana.

Vanquished Creatures
  A necrophage (D:3)
  Natasha (twice) (D:3)
  A worker ant (D:3)
  3 adders
  3 worms
  An adder skeleton (D:3)
  A giant eyeball (D:4)
  2 giant geckos
  An ooze (D:3)
  An orc (D:3)
  2 ball pythons (D:1)
  4 giant cockroaches
  6 goblins
  10 kobolds
  3 quokkas
  4 bats
  2 giant newts (D:3)
  8 jackals
  5 rats
60 creatures vanquished.

Notes
Turn   | Place    | Note
--------------------------------------------------------------
     0 | D:1      | Laan, the Vine Stalker Fighter, began the quest for the Orb.
     0 | D:1      | Reached XP level 1. HP: 11/11 MP: 1/1
    96 | D:1      | Reached XP level 2. HP: 10/16 MP: 3/3
   475 | D:2      | Reached skill level 3 in Polearms
   479 | D:2      | Reached XP level 3. HP: 19/19 MP: 4/4
  1219 | D:3      | Reached XP level 4. HP: 9/23 MP: 1/5
  1252 | D:3      | Noticed Natasha
  1258 | D:3      | Killed Natasha
  1258 | D:3      | Reached skill level 4 in Polearms
  1289 | D:3      | Noticed Natasha
  1295 | D:3      | Killed Natasha
  1488 | D:3      | Reached XP level 5. HP: 27/27 MP: 7/7
  1893 | D:4      | Noticed a necrophage
  1912 | D:3      | Killed a necrophage
  1912 | D:3      | Reached skill level 5 in Polearms
  1912 | D:3      | Gained mutation: You heal very quickly. [vine stalker growth]
  1912 | D:3      | Reached XP level 6. HP: 27/32 MP: 8/8
  1942 | D:4      | Noticed Quh's ghost (average HOFi)
  2028 | D:3      | Slain by an iguana

Action                   |  1- 3 |  4- 6 || total
-------------------------+-------+-------++-------
Melee: Trident           |   119 |   113 ||   232
Evoke: Wand              |       |     1 ||     1
  Use: Potion            |       |     2 ||     2
